 Dungeon Crawl Stone Soup version 0.29-a0-887-gcbe080d7e0 (webtiles) character file.

Game seed: 1926096392099124953

184 mcwallace the Chiller (level 5, -3/30 HPs)
             Began as a Deep Elf Ice Elementalist on July 21, 2022.
             Slain by Duvessa
             ... wielding a +0 rapier
              (10 damage)
             ... on level 4 of the Dungeon.
             The game lasted 00:07:52 (3564 turns).

mcwallace the Chiller (Deep Elf Ice Elementalist)   Turns: 3564, Time: 00:07:52

Health: -3/30      AC: 15    Str:  5    XL:     5   Next: 36%
Magic:  7/13       EV: 13    Int: 22    God:
Gold:   220        SH:  0    Dex: 15    Spells: 5/12 levels left

rFire   . . .      SeeInvis .   v - +0 spear {polearm}
rCold   + . .      Faith    .   (no shield)
rNeg    + . .      Spirit   .   t - +2 robe {rN+}
rPois   .          Reflect  .   E - +2 hat {Will+}
rElec   .          Harm     .   g - +0 cloak
rCorr   .          Rampage  .   (no gloves)
Will    +....                   y - +0 pair of boots
Stlth   +++.......              (no amulet)
HPRegen 0.10/turn               w - ring of protection from cold
MPRegen 0.13/turn               (no ring)

@: mighty, ice-armoured
A: no striking features
a: no special abilities


You were on level 4 of the Dungeon.
You visited 1 branch of the dungeon, and saw 4 of its levels.

You collected 220 gold pieces.


   Skills:
 + Level 1.6 Fighting
 + Level 3.6 Dodging
 + Level 3.9 Stealth
 + Level 4.3 Spellcasting
 + Level 5.1 Ice Magic


You had 5 spell levels left.
You knew the following spells:

 Your Spells              Type           Power      Damage    Failure   Level
a - Freeze                Ice            100%       1d11      1%          1
b - Frozen Ramparts       Ice            54%        1d7       4%          3
c - Ozocubu's Armour      Ice            27%        N/A       4%          3

Your spell library contained the following spells:

 Spells                   Type           Power      Damage    Failure   Level
 Dazzling Flash           Conj/Hex       8%         N/A       32%         3
 Hailstorm                Conj/Ice       15%        3d5       36%         4
 Iskenderun's Mystic Bla  Conj/Tloc      4%         2d3       73%         4
 Starburst                Conj/Fire      2%         6d3       100%        6

Inventory:

Hand Weapons
 v - a +0 spear (weapon) {polearm}
   (You took it off a gnoll on level 2 of the Dungeon)
Missiles
 f - 14 stones {throwing}
 r - 2 poisoned darts {throwing}
 u - 2 throwing nets (quivered) {=f!fthrowing}
 B - 3 boomerangs {throwing}
Armour
 a - a +0 robe
 e - a +0 robe
   (You found it on level 1 of the Dungeon)
 g - a +0 cloak (worn)
   (You found it on level 3 of the Dungeon)
 i - a +0 chain mail
   (You found it on level 1 of the Dungeon)
 o - a +0 helmet
   (You found it on level 2 of the Dungeon)
 t - a +2 robe of positive energy (worn)
   (You took it off Jessica on level 2 of the Dungeon)
 y - a +0 pair of boots (worn)
   (You found it on level 3 of the Dungeon)
 C - a +0 chain mail
   (You found it on level 3 of the Dungeon)
 E - a +2 hat of willpower (worn)
   (You found it on level 3 of the Dungeon)
Jewellery
 w - a ring of protection from cold (left hand)
   (You found it on level 3 of the Dungeon)
Scrolls
 F - a scroll of teleportation {unknown}
 G - a scroll of fear {unknown}
Potions
 b - a potion of magic
 d - a potion of degeneration {unknown}
 j - 2 potions of lignification {!q}
 k - 3 potions of might
 l - a potion of ambrosia {unknown}
 m - 3 potions of curing {@q1}
 p - a potion of cancellation {unknown}
 q - 2 potions of haste {unknown}
 x - 2 potions of invisibility {unknown}

Dungeon Overview and Level Annotations

Branches:
Dungeon (4/15) Zot: 20414
 Temple: D:4-7

Altars:

Annotations:
D:4 Duvessa

#.##.. #(#
#.##.. #(#
#.##.# #.#
#.##.# #(#
#.##.# #.#
#.##<# #.#
#.#### #e#
######.#
#@######......#
#.....##.######
#.###.##.#
#.....##.#
#.######.# #.#
#....# #.#
#.##.# #.#
#.#### #.# #.#


You could see Duvessa (berserk).


Message History

The giant cockroach bites you but does no damage.
You hit the giant cockroach.
You kill the giant cockroach!
No target in view!
No target in view!
Dowan, Brother of Duvessa comes into view.
He is wielding a +0 dagger and wearing a +2 robe of the Archmagi.
You see here 8 stones {throwing}.
Throw: 6 darts (poison) {throwing}
Press: ? - help, Q - select action, (/) - cycle Shift-Dir - straight line, f - Dowan
Aim: Dowan, wielding a +0 dagger and wearing a +2 robe of the Archmagi (asleep, 98% to hit)
You throw a poisoned dart {throwing}.
The poisoned dart {throwing} hits Dowan.
Dowan is poisoned.
Dowan shouts!
Throw: 5 darts (poison) {throwing}
Press: ? - help, Q - select action, (/) - cycle Shift-Dir - straight line, f/p - Dowan
Aim: Dowan, wielding a +0 dagger and wearing a +2 robe of the Archmagi (poisoned, 46% to hit)
You throw a poisoned dart {throwing}.
The poisoned dart {throwing} hits Dowan.
Throw: 4 darts (poison) {throwing}
Press: ? - help, Q - select action, (/) - cycle Shift-Dir - straight line, f/p - Dowan
Aim: Dowan, wielding a +0 dagger and wearing a +2 robe of the Archmagi (lightly wounded, poisoned, 46% to hit)
You throw a poisoned dart {throwing}.
The poisoned dart {throwing} closely misses Dowan.
Duvessa, Sister of Dowan comes into view.
She is wielding a +0 rapier.
Throw: 3 darts (poison) {throwing}
Press: ? - help, Q - select action, (/) - cycle Shift-Dir - straight line, f - Duvessa, p - Dowan
Aim: Duvessa, wielding a +0 rapier and wearing a +0 chain mail (wandering, hasn't noticed you, 69% to hit)
You throw a poisoned dart {throwing}.
The poisoned dart {throwing} hits Dowan.
Duvessa shouts!
Duvessa says, "I don't care about looks, I care about technique!"
Casting: Frozen Ramparts (quite dangerous; 4% risk of failure)
Confirm with . or Enter, or press ? or * to list all spells.
The spell is quite dangerous to miscast (4% risk of failure)!
Continue anyway?
Casting: Frozen Ramparts (quite dangerous; 4% risk of failure)
Press: ? - help, Dir - look around, f - activate The walls around you are covered in ice.
The wall freezes Dowan. 😎 MP[-3]
You lost 3 mp, and now have 9/12 mp.
Casting: Frozen Ramparts (quite dangerous; 4% risk of failure)
Confirm with . or Enter, or press ? or * to list all spells.
The spell is quite dangerous to miscast (4% risk of failure)!
Continue anyway?
A film of ice covers your body!
Dowan looks more healthy.
The wall freezes Dowan. 😎 MP[-3]
You lost 3 mp, and now have 6/12 mp.
You closely miss Dowan.
The wall freezes Dowan.
Dowan closely misses you.
The wall freezes Dowan.
Dowan hits you but does no damage.
The wall freezes Duvessa.
Reach: v) +0 spear {polearm}
Press: ? - help, Dir - move target, f - Duvessa
Aim: Duvessa, wielding a +0 rapier and wearing a +0 chain mail (lightly wounded, about 29% to evade your +0 spear) Dowan is in the way.
You hit Dowan but do no damage.
The wall freezes Dowan.
You kill Dowan!
Duvessa weeps, and shakes her weapon.
Duvessa goes berserk!
The wall freezes Duvessa.
You have reached level 5! 😎 HP[+5]
You now have 30 max hp (+5).
Your hp is fully restored (30).
Throw: 3 throwing nets {=f!fthrowing}
Press: ? - help, Q - select action, (/) - cycle Shift-Dir - straight line, f/p - Duvessa
Aim: Duvessa, wielding a +0 rapier and wearing a +0 chain mail (lightly wounded, berserk, 69% to hit)
You throw a throwing net {=f!fthrowing}.
The throwing net {=f!fthrowing} hits Duvessa.
Duvessa is caught in the net!
The wall freezes Duvessa.
Duvessa struggles against the net.
You hit Duvessa but do no damage.
The wall freezes Duvessa.
Duvessa struggles against the net.
The wall freezes Duvessa.
Duvessa struggles against the net.
You hit Duvessa but do no damage.
The wall freezes Duvessa but does no damage.
Duvessa struggles against the net.
The net rips apart, and Duvessa comes free!
You hit Duvessa.
The frozen ramparts melt away.
Duvessa hits you with a +0 rapier.
Duvessa barely misses you. 😕 HP[-6] MP[+1]
You take 6 damage, and now have 24/30 hp.
You hit Duvessa but do no damage. Duvessa hits you with a +0 rapier! x2
* * * LOW HITPOINT WARNING * * *
😱 HP[-18]
You take 18 damage, and now have 6/30 hp.
MASSIVE DAMAGE!! (PAUSE)
You feel much better.
Duvessa hits you with a +0 rapier. 😕 HP[+19]
You regained 19 hp, and now have 25/30 hp.
You feel very mighty all of a sudden. Duvessa hits you with a +0 rapier.
Duvessa hits you with a +0 rapier! 😮 HP[-9]
You take 9 damage, and now have 16/30 hp.
MASSIVE DAMAGE!! (PAUSE)
You feel much better.
Duvessa hits you with a +0 rapier! 😮 HP[+4]
You regained 4 hp, and now have 20/30 hp.
You puncture Duvessa! Duvessa hits you with a +0 rapier!
* * * LOW HITPOINT WARNING * * *
Duvessa hits you with a +0 rapier!
You die...

Skill      XL: |  1  2  3  4 |
---------------+-------------+-----
Fighting       | 1 |  1.6
Dodging        | 3 |  3.6
Stealth        | 3 |  3.9
Spellcasting   | 4 |  4.3
Ice Magic      | 5 |  5.1

Action                   |  1- 3 |  4- 6 || total
-------------------------+-------+-------++-------
Melee: Hand axe          |    54 |     1 ||    55
       Punch             |     1 |     1 ||     2
       Spear             |       |    62 ||    62
Throw: Dart              |     2 |     4 ||     6
       Throwing net      |       |     1 ||     1
 Cast: Freeze            |     9 |       ||     9
       Frozen Ramparts   |     2 |     4 ||     6
       Ozocubu's Armour  |     2 |     1 ||     3
  Use: Scroll            |       |     4 ||     4
       Potion            |       |     3 ||     3
 Stab: Sleeping          |     6 |     2 ||     8
Armor: Robe              |    11 |    15 ||    26
Dodge: Dodged            |    39 |    35 ||    74

Levels and vault maps discovered:
D:1:      erik_arrival_blinker_ship, layout_basic, hex_medium
D:2:      layout_rooms, basic_ecumenical_altar, uniq_jessica
D:3:      layout_loops_cross, minmay_misc_feat_more_columns, minivault_5,
          nrook_mini_backslash, dk_vineyard_2
D:4:      layout_basic, nzn_wu_jian_contemplation,
          nicolae_overflow_hidden_temple, uniq_ijyb, uniq_duvessa

Notes
Turn   | Place    | Note
-------+----------+-------------------------------------------
     0 | D:1      | mcwallace the Deep Elf Ice Elementalist began the quest for
                  | the Orb.
     0 | D:1      | Reached XP level 1. HP: 10/10 MP: 6/6
     0 | D:1      | magus.rc [v1.9.6]
   157 | D:1      | You pick up a book of Spectacle and begin reading...
   157 | D:1      | You add the spells Dazzling Flash, Iskenderun's Mystic
                  | Blast and Starburst to your library.
   681 | D:1      | Reached XP level 2. HP: 13/16 MP: 5/8
  1533 | D:2      | Noticed Jessica
  1655 | D:2      | Found a faded altar of an unknown god.
  1670 | D:2      | Reached XP level 3. HP: 20/20 MP: 5/9
  1687 | D:2      | Learned a level 3 spell: Frozen Ramparts
  1691 | D:2      | Learned a level 3 spell: Ozocubu's Armour
  1959 | D:2      | HP: 5/20 [Jessica/+0 club (2)]
  1960 | D:2      | Killed Jessica
  1961 | D:2      | Reached skill level 1 in Fighting
  1961 | D:2      | Reached skill level 3 in Dodging
  1961 | D:2      | Reached skill level 3 in Stealth
  2350 | D:2      | Reached XP level 4. HP: 25/25 MP: 4/11
  2889 | D:3      | Reached skill level 4 in Spellcasting
  3094 | D:3      | Reached skill level 5 in Ice Magic
  3547 | D:4      | Identified a +2 robe of the Archmagi
  3547 | D:4      | Noticed Dowan
  3550 | D:4      | Noticed Duvessa
  3555 | D:4      | Killed Dowan
  3556 | D:4      | Reached XP level 5. HP: 30/30 MP: 6/13
  3560 | D:4      | HP: 6/30 [Duvessa/+0 rapier (11)]
  3564 | D:4      | Slain by Duvessa

Vanquished Creatures
  Dowan (D:4)
  Jessica (D:2)
  An orc wizard (D:3)
  3 gnolls (D:2)
  An adder (D:2)
  3 dart slugs
  3 orcs (D:3)
  5 endoplasms
  A giant cockroach (D:4)
  2 goblins (D:3)
  A hobgoblin (D:3)
  2 jackals (D:1)
  3 kobolds
  A quokka (D:3)
  6 ball pythons
  2 bats (D:1)
  2 frilled lizards
  2 rats (D:1)
40 creatures vanquished.

Table legend:
 A = Non-vault XP
 B = Vault XP
 C = Vault XP percentage of total XP
 D = Non-vault monster count
 E = Vault monster count
 F = Vault count percentage of total count
                 A         B        C        D         E       F
            +---------+---------+-------+---------+---------+-------
      Total |     157 |     106 |  40.3 |      38 |       2 |   5.0
            +---------+---------+-------+---------+---------+-------
        D:1 |      27 |       0 |   0.0 |      15 |       0 |   0.0
        D:2 |      63 |      37 |  37.0 |       7 |       1 |  12.5
        D:3 |      64 |       0 |   0.0 |      14 |       0 |   0.0
        D:4 |       3 |      69 |  95.8 |       2 |       1 |  33.3
            +---------+---------+-------+---------+---------+-------

Illustrated notes

Table legend:
 A = Kills in this place as a percentage of kills in entire the game.
 B = Kills by you in this place as a percentage of kills by you in the entire game.
 C = Kills by friends in this place as a percentage of kills by friends in the entire game.
 D = Other kills in this place as a percentage of other kills in the entire game.
 E = Experience gained in this place as a percentage of experience gained in the entire game.
 F = Experience gained in this place divided by the number of levels of this place that you have seen.
                   A       B       C       D       E      F
               +-------+-------+-------+-------+-------+----------------------
         Total | 100.0 | 100.0 |   N/A |   N/A | 100.0 |  65.8
       Dungeon | 100.0 | 100.0 |   N/A |   N/A | 100.0 |  65.8
               +-------+-------+-------+-------+-------+----------------------

Table legend: (Time is in decaauts)
 A = Elapsed time spent in this place.
 B = Non-inter-level travel time spent in this place.
 C = Inter-level travel time spent in this place.
 D = Time resting spent in this place.
 E = Time spent auto-exploring this place.
 F = Levels seen in this place.
 G = Mean time per level.
                   A        B        C        D        E       F      G
               +--------+--------+--------+--------+--------+-----+--------+
         Total |   3584 |   3503 |     81 |    162 |   2766 |   4 |  896.0 |
       Dungeon |   3584 |   3503 |     81 |    162 |   2766 |   4 |  896.0 |
               +--------+--------+--------+--------+--------+-----+--------+

Top non-repeatable levels by time:
     D:1: 1350 daAuts
     D:2: 1127 daAuts
     D:3: 1016 daAuts
     D:4: 90 daAuts
